 Dungeon Crawl Stone Soup version 0.17.0-9-g801d43b (webtiles) character file.

47 oplop the Sneak (level 3, -17/19 HPs)
             Began as a Vine Stalker Assassin on Nov 9, 2015.
             Killed from afar by a jackal (20 damage)
             ... with an exploding inner flame
             ... hexed by the player character
             ... on level 3 of the Dungeon.
             The game lasted 00:01:28 (752 turns).

oplop the Sneak (Vine Stalker Assassin)              Turns: 752, Time: 00:01:29

Health: -17/19     AC:  3    Str: 13      XL:     3   Next: 70%
Magic:  0/4        EV: 12    Int: 14 (16) God:
Gold:   60         SH:  0    Dex: 20      Spells: 0 memorised, 2 levels left

rFire  . . .     SeeInvis .     a - +3 dagger
rCold  + . .     Clarity  .     c - +0 robe
rNeg   . . .     SustAt   .     (no shield)
rPois  .         Gourm    .     (no helmet)
rElec  .         Spirit   +     d - +0 cloak
rCorr  .         Warding  .     (no gloves)
rMut   .         Stasis   .     (no boots)
MR     .....                    (no amulet)
Stlth  +++.......               i - +4 ring of dexterity
                                h - ring of protection from cold (curse)

@: brilliant, flying, not resistant to hostile enchantments, fairly stealthy
A: fangs 2, regeneration 1, magic shield, antimagic bite, no device heal 3, rot
immunity
a: no special abilities


You were on level 3 of the Dungeon.
You were not hungry.

You visited 1 branch of the dungeon, and saw 3 of its levels.

You collected 60 gold pieces.

Inventory:

Hand Weapons
 a - a +3 dagger (weapon)
 b - a +0 blowgun
Missiles
 e - 8 poisoned needles
 f - 2 curare-tipped needles
Armour
 c - a +0 robe (worn)
 d - a +0 cloak (worn)
Jewellery
 h - a cursed ring of protection from cold (left hand)
 i - a +4 ring of dexterity (right hand)
Scrolls
 l - 2 scrolls of magic mapping
Comestibles
 g - 2 bread rations
 k - a meat ration
 r - a slice of pizza


   Skills:
 + Level 2.6 Fighting
 + Level 2.3 Short Blades
 - Level 1.7 Throwing
 - Level 0.7 Dodging
 + Level 5.4 Stealth


You had 2 spell levels left.
You didn't know any spells.

Dungeon Overview and Level Annotations

Branches:
Dungeon (3/15)

Altars:
Ashenzari


Innate Abilities, Weirdness & Mutations

You have extremely sharp teeth.
Your natural rate of healing is unusually fast.
When hurt, damage is shared between your health and your magic reserves.
Your bite disrupts and absorbs the magic of your enemies.
Potions and wands cannot restore your health.
You are immune to rotting.


Message History

The jackal bites you.
* * * LOW HITPOINT WARNING * * *
The jackal bites you.
* * * LOW HITPOINT WARNING * * *
The jackal barely misses you.
The jackal bites you but does no damage.
The jackal bites you.
* * * LOW HITPOINT WARNING * * *
The jackal bites you but does no damage. x2
The jackal closely misses you.
You hit the jackal. You bite the jackal, but do no damage.
The jackal is severely wounded.
The jackal bites you but does no damage.
You hit the jackal.
The jackal explodes!
The fiery explosion engulfs the adder.
The adder explodes!
The fiery explosion engulfs you!
Ouch! That really hurt!
You die...

,,,,,,,,,,,*,*,_,*,**,,*
**,,*,,,,,,,,**,**,,*,,*
*,,**,,,,,,,,***,,,,,,*
**,,**,,**,*,,,,,,,,**,***
,,,,**,,**,**,,,,,*,,,,,,*
,,,,**,***,***,,******,*,*
***,**,***,* #,,,,,* *,*,*
***,**,,,,,*##§######*,*,*
,,,,,,,,,,,*#§§.@...#*,*,*
,**,*****#%..§§######*,*,*
,**,*****#....,*******,*,*
,**,*,,,,....,***,,,**,*,*
,,*,*,,,,...,,***,*,**,*,*****
,,,,+,,,,..,,,,,,,,,,,,,,,,,,*
*,*,*,,,,.,,,,,,,,*,****,*****
*,,,*,,,,,***,,,,,,,,,,,,*
,,,,,,,,,,,**,,,**,*,*****


There were no monsters in sight!

Vanquished Creatures
  An adder (D:3)
  An ooze (D:1)
  A worm (D:2)
  2 giant geckos (D:1)
  2 bats (D:1)
  A giant cockroach (D:1)
  4 hobgoblins
  2 jackals
  4 kobolds
  A quokka (D:2)
  2 giant newts
  4 goblins
  2 rats
27 creatures vanquished.

Notes
Turn   | Place    | Note
--------------------------------------------------------------
     0 | D:1      | oplop the Vine Stalker Assassin began the quest for the Orb.
     0 | D:1      | Reached XP level 1. HP: 11/11 MP: 2/2
    92 | D:1      | Reached skill level 5 in Stealth
   126 | D:1      | Reached XP level 2. HP: 15/15 MP: 3/3
   237 | D:1      | Found a shattered altar of Ashenzari.
   372 | D:1      | Reached XP level 3. HP: 16/18 MP: 2/4
   752 | D:3      | Killed from afar by a jackal

Action                   || total
-------------------------++-------
Melee: Dagger            ||    59
  Use: Scroll            ||     4
       Potion            ||     4
 Stab: Sleeping          ||    10
